 Dungeon Crawl Stone Soup version 0.20.0-15-g7f486f2 (webtiles) character file.

74 botchamania the Changer (level 4, 0/28 HPs)
             Began as an Octopode Transmuter on June 27, 2017.
             Succumbed to an adder's poison
             ... on level 2 of the Dungeon.
             The game lasted 00:04:19 (1959 turns).

botchamania the Changer (Octopode Transmuter)       Turns: 1959, Time: 00:04:20

Health: 0/28       AC:  1    Str:  9    XL:     4   Next: 30%
Magic:  5/7        EV: 19    Int: 16    God:
Gold:   57         SH:  0    Dex: 17    Spells: 1/7 levels left

rFire    . . .     SeeInvis .     - Unarmed
rCold    . . .     Gourm    .   (no shield)
rNeg     . . .     Faith    .   (helmet restricted)
rPois    .         Spirit   .   (no amulet)
rElec    .         Reflect  .   (no ring)
rCorr    .         Harm     .   (no ring)
MR       .....                  (no ring)
Stlth    ++++......             (no ring)
Regen    0.1/turn               (no ring)
MPRegen  0.1/turn               (no ring)
                                (no ring)
                                (no ring)

@: agile, lethally poisoned (0 -> -5), hasted, very quick
A: almost no armour, stealthy swim, amphibious, 8 rings, constrict 8, camouflage
1, gelatinous body 1
a: no special abilities


You were on level 2 of the Dungeon.
You were not hungry.

You visited 1 branch of the dungeon, and saw 2 of its levels.

You collected 57 gold pieces.

Inventory:

Hand Weapons
 h - a +1 whip of draining
Missiles
 a - 39 arrows
 e - 15 poisoned needles
Scrolls
 d - a scroll of recharging
 i - a scroll of enchant armour {unknown}
 k - a scroll of remove curse
Books
 b - a book of Changes

   Spells                             Type                      Level
   a - Beastly Appendage              Transmutation                1
   b - Sticks to Snakes               Transmutation                2
   c - Spider Form                    Transmutation/Poison         3
   d - Ice Form                       Ice/Transmutation            4
   e - Blade Hands                    Transmutation                5
Comestibles
 c - a bread ration


   Skills:
 - Level 1.0 Fighting
 - Level 2.0 Dodging
 - Level 3.0 Unarmed Combat
 - Level 2.0 Spellcasting
 - Level 3.4 Transmutations
 + Level 3.0 Poison Magic


You had one spell level left.
You knew the following spells:

 Your Spells              Type           Power        Failure   Level  Hunger
a - Beastly Appendage     Tmut           ##....       4%          1    #......
b - Sticks to Snakes      Tmut           ##......     8%          2    ###....
c - Spider Form           Tmut/Pois      ##........   16%         3    ###....


Dungeon Overview and Level Annotations

Branches:
Dungeon (2/15)

Altars:
Ashenzari
Cheibriados
Dithmenos
Ru
Zin


Innate Abilities, Weirdness & Mutations

You cannot wear most types of armour.
You are very stealthy in the water. (Stealth+)
You are amphibious.
You can wear up to eight rings at the same time.
You can use your tentacles to constrict eight enemies at once.
Your skin changes colour to match your surroundings (Stealth+).
Your rubbery body absorbs attacks. (AC +1, EV +1)


Message History

You kill the adder!
Your Poison Magic skill increases to level 3!
Your transformation has ended.
* * * LOW HITPOINT WARNING * * *
You feel sick.
Unknown command.
You feel as though your hastened speed will last longer.
The hobgoblin completely misses you.
Unknown command.
There is a lethal amount of poison in your body!
The hobgoblin closely misses you.
* * * LOW HITPOINT WARNING * * *
You feel sick.
Unknown command.
There is a lethal amount of poison in your body!
The hobgoblin barely misses you.
There is a lethal amount of poison in your body!
There is a lethal amount of poison in your body!
Found a royal jelly.
You die...

###......#.......####
........+.........>#
#......#........#..
####......#.......##.#
..........#######.##.)
########'## #.####
#..g..# #.# #.###.##
#.# ##@# #..# #.#
#.....##.## #.#
..#..#..#...## #.# #.
...# #......# #.#
#..##..###..##..# #.#
#.###..#..###..# #.#
##..##.....##...## #.#
.................# #.#
#.........##..# #.#


There were no monsters in sight!

Vanquished Creatures
  An adder (D:2)
  4 leopard geckos (D:1)
  2 giant cockroaches
  7 goblins
  7 hobgoblins
  4 jackals (D:2)
  3 kobolds
  A quokka (D:2)
  A ball python (D:1)
  6 bats
  4 frilled lizards
  6 rats
46 creatures vanquished.

Vanquished Creatures (collateral kills)
  2 adders (D:2)
  A dart slug (D:1)
3 creatures vanquished.

Grand Total: 49 creatures vanquished

Notes
Turn   | Place    | Note
-------+----------+-------------------------------------------
     0 | D:1      | botchamania the Octopode Transmuter began the quest for the Orb.
     0 | D:1      | Reached XP level 1. HP: 13/13 MP: 3/3
   572 | D:1      | Reached XP level 2. HP: 18/18 MP: 3/5
   579 | D:1      | Learned a level 2 spell: Sticks to Snakes
   817 | D:1      | Reached XP level 3. HP: 23/23 MP: 6/6
   916 | D:1      | Learned a level 3 spell: Spider Form
  1105 | D:1      | Reached skill level 1 in Poison Magic
  1571 | D:2      | Found a shadowy altar of Dithmenos.
  1719 | D:2      | Reached XP level 4. HP: 23/28 MP: 0/7
  1860 | D:2      | Found a snail-covered altar of Cheibriados.
  1862 | D:2      | Found a glowing silver altar of Zin.
  1863 | D:2      | Found a sacrificial altar of Ru.
  1864 | D:2      | Found a shattered altar of Ashenzari.
  1952 | D:2      | HP: 1/28 [poisoned by an adder]
  1959 | D:2      | Succumbed to an adder's poison

Skill      XL: |  1  2  3  4 |
---------------+-------------+-----
Transmutations | 3 |  3.4
Poison Magic   | 2 3 |  3.0
Fighting       | |  1.0
Dodging        | |  2.0
Unarmed Combat | |  3.0
Spellcasting   | |  2.0

Action                   |  1- 3 |  4- 6 || total
-------------------------+-------+-------++-------
Melee: Unarmed           |    96 |    20 ||   116
       Constrict         |    25 |       ||    25
       Kick              |     7 |       ||     7
       Tentacles         |     4 |       ||     4
       Punch             |     3 |       ||     3
 Cast: Beastly Appendage |     8 |       ||     8
       Sticks to Snakes  |     6 |       ||     6
       Spider Form       |     1 |     2 ||     3
 Abil: End Transformatio |       |     1 ||     1
  Use: Scroll            |     3 |       ||     3
       Potion            |       |     3 ||     3
 Stab: Sleeping          |     5 |       ||     5
  Eat: Chunk             |     3 |     1 ||     4
Armor: Skin              |     9 |     1 ||    10
Dodge: Dodged            |    84 |    19 ||   103
